cohdb
Replays
Latest Replays
All Replays
Popular Replays
Top Player Replays
Match Explorer
How It Works
Community
CoH3 Stats
Reddit
Sign in to upload your games and track your stats! →
Sign in with Steam
Match 41735800
Unlisted
Match 41735800
Overview
Messages
Build Orders
End
Kradschützen Motorcycle Team
Selects Panzerjäger Kommand Battlegroup
Selects Mine Fields
Panzergrenadier Squad
250 Light Carrier
Construct Light Support Kompanie
MG34 Team
Panzerjäger Squad
2.5-tonne Medical Truck
Selects Tank Busters
Fire Support Elements
MG34 Team
Flakvierling Half-track
Pak 38 Mechanized Group
Combat Half-tracks
Construct Panzerarmee Kommand
Selects Defensive Positions
Walking Stuka Rocket Launcher
Tungsten Core Ammunition
Selects Butterfly Bomb Drop
Butterfly Bomb Drop
Panzer III L Medium Tank
Vehicle Survival Package
Armored Reserves
Selects Crew Shock Tactics
Rapid Advance
Advanced Optics
Butterfly Bomb Drop
Panzer III L Medium Tank
Flak 36 Anti-tank Gun Team
Walking Stuka Rocket Launcher
2.5-tonne Medical Truck
Panzer IV Assault Group
Butterfly Bomb Drop
TeufelHund
Zapatista
DrunkAzatot
vincent
不必为我哭泣因为虽然我重伤倒地但还活着
Veteran
狼哥
HolyMolyEmpire
0
0
Comments
sign in to comment!
No comments posted yet!